 Adventure DCSS version bcrawl-1.32 (webtiles) character file.

Game seed: 12188345583225950488

93965 Leeroy the Magician (level 4, 26/26 HPs)
             Began as a Skeleton Skald on Aug 1, 2021.
             Was an Initiate of Okawaru.
             Quit the game on level 2 of the Dungeon.
             The game lasted 00:05:57 (2659 turns).

Leeroy the Magician (Skeleton Skald)                Turns: 2659, Time: 00:05:58

Health: 26/26      AC:  5    Str: 17    XL:     4   Next: 8%
Magic:  12/12      EV: 12    Int: 12    God:    Okawaru [......]
Gold:   133        SH:  0    Dex:  9    Spells: 4/15 levels left
                                        Lives:  1   Deaths: 1

rFire    . . .     SeeInvis .   e - +2 short sword (protect)
rCold    + + .     Gourm    .   (no shield)
rNeg     + + +     Faith    .   i - +2 leather armour {rC+}
rPois    ∞         Spirit   +   (no helmet)
rElec    .         Reflect  .   (no cloak)
rCorr    .         Harm     .   (no gloves)
MR       .....                  (no boots)
Stlth    +.........             (no amulet)
HPRegen  0.08/turn              (no ring)
MPRegen  0.13/turn              (no ring)

@: no status effects
A: no food or potions, cold resistance 1, deterioration 1, negative energy
resistance 3, torment resistance, unbreathing, magic shield, sturdy frame 1,
spell healing
a: Renounce Religion


You were on level 2 of the Dungeon.
You worshipped Okawaru.
Okawaru was noncommittal.
You were not hungry.

You visited 1 branch of the dungeon, and saw 3 of its levels.

You collected 133 gold pieces.

Inventory:

Hand Weapons
 a - a +0 long sword
 e - a +2 short sword of protection (weapon)
 h - a cursed -3 dagger
 p - a +0 dagger of venom
Missiles
 j - 140 poisoned tomahawks (quivered)
 l - 62 javelins of penetration {=f}
Armour
 b - a +0 leather armour
 i - a +2 leather armour of cold resistance (worn)
Jewellery
 c - an uncursed ring of wizardry {unknown}
 m - an uncursed ring of magical power {unknown}
 q - an uncursed ring of protection from magic {unknown}
Scrolls
 d - a scroll of fear
 f - a scroll of enchant armour {unknown}
 g - a scroll of noise {unknown}
 k - a scroll of remove curse
 n - a scroll of immolation {unknown}
 o - 2 scrolls of magic mapping {unknown}
 r - a scroll of teleportation {unknown}


   Skills:
 - Level 2.0 Fighting
 - Level 2.4 Long Blades
 - Level 2.1 Armour
 - Level 2.0 Dodging
 - Level 6.2 Spellcasting
 + Level 1.8 Hexes
 - Level 3.2 Charms
 - Level 0.2 Air Magic


You had 4 spell levels left.
You knew the following spells:

 Your Spells              Type           Power        Failure   Level  Hunger
a - Infusion              Chrm           ##......     4%          1    N/A
b - Spectral Weapon       Hex/Chrm       #.......     19%         3    N/A
c - Ozocubu's Armour      Chrm/Ice       #.......     28%         3    N/A
d - Swiftness             Chrm/Air       #.......     14%         2    N/A
e - Song of Slaying       Chrm           ##......     7%          2    N/A

Your spell library contained the following spells:

 Spells                   Type           Power        Failure   Level  Hunger
 Regeneration             Chrm/Necr      Unusable     N/A         3    N/A

Dungeon Overview and Level Annotations

Branches:
Dungeon (3/12)

Altars:
Okawaru
Uskayaw

Annotations:
D:2 1 runed door, Sigmund, Terence


Innate Abilities, Weirdness & Mutations

You do not eat or drink.
You are immune to poison.
Your flesh is cold resistant. (rC+)
Your body sometimes deteriorates upon taking damage.
You are immune to negative energy. (rN+++)
You are immune to unholy pain and torment.
You can survive without breathing.
When hurt, damage is shared between your health and your magic reserves.
Your movements are slightly less encumbered by armour. (ER -2)
Casting spells heals you.


Message History

Sigmund is severely wounded.
Sigmund hits you with a +0 scythe!
* * * LOW HITPOINT WARNING * * *
You barely miss Sigmund.
Sigmund is severely wounded.
You can't drink.
As you read the scroll labeled COAXECKUNO, it crumbles to dust.
You feel blessed for a moment.
It was a scroll of remove curse.
Sigmund hits you with a +0 scythe.
* * * LOW HITPOINT WARNING * * *
You closely miss Sigmund.
Sigmund is severely wounded.
Sigmund gestures at you while chanting. The magic dart hits you!
You die...
Xom reaches out...
You are now level 4!
You rejoin the land of the living...
Unknown command.
Are you sure you want to abandon this character and quit the game? (Confirm with "yes".)

...................#
##################.# # #.#
# #.# ##################.#
..................>#
..........########.#
.................#.#
...............#@#.#######
..........###.##.#.#.....#
..........+......#.#.###.#
..........###.####.#.# #.#
............#.####.#.# #.#
###.###............#.# #.#
....# #.###.#.######.# #)#
###.###.# #.#.# #.# #.#
......#.# #.#.# #.# #.#


There were no monsters in sight!

Vanquished Creatures
  An orc wizard (D:3)
  3 oozes
  3 worms
  3 dart slugs
  4 leopard geckos
  6 orcs (D:3)
  3 ball pythons
  6 bats
  3 giant cockroaches
  7 goblins
  9 hobgoblins
  4 jackals (D:3)
  4 quokkas
  2 frilled lizards
  12 kobolds
  8 rats
78 creatures vanquished.

Notes
Turn   | Place    | Note
-------+----------+-------------------------------------------
     0 | D:1      | Leeroy the Skeleton Skald began the quest for the Orb.
     0 | D:1      | Reached XP level 1. HP: 12/12 MP: 4/4
   259 | D:1      | Reached XP level 2. HP: 15/17 MP: 4/6
   413 | D:1      | Reached skill level 4 in Spellcasting
   573 | D:2      | Found a hide-covered altar of Uskayaw.
   593 | D:2      | Reached XP level 3. HP: 18/21 MP: 8/8
   868 | D:2      | Learned a level 3 spell: Spectral Weapon
   872 | D:2      | Learned a level 3 spell: Ozocubu's Armour
   875 | D:2      | Learned a level 2 spell: Swiftness
   878 | D:2      | Learned a level 2 spell: Song of Slaying
   998 | D:2      | Reached skill level 5 in Spellcasting
  1076 | D:2      | Found a runed door.
  1231 | D:2      | Noticed Terence
  1257 | D:2      | Noticed Sigmund
  1342 | D:3      | Reached XP level 4. HP: 15/26 MP: 3/11
  1456 | D:3      | Found an iron altar of Okawaru.
  1472 | D:3      | Became a worshipper of Warmaster Okawaru
  1518 | D:3      | Reached skill level 6 in Spellcasting
  1969 | D:3      | Reached skill level 1 in Hexes
  2003 | D:3      | Reached XP level 5. HP: 27/30 MP: 10/13
  2658 | D:2      | Killed from afar by Sigmund
  2659 | D:2      | Reached XP level 4. HP: -5/26 MP: 0/12
  2659 | D:2      | Quit the game

Skill      XL: |  1  2  3  4 |
---------------+-------------+-----
Armour         | 2 |  2.1
Spellcasting   | 4 5 6 |  6.2
Hexes          | 1 |  1.8
Fighting       | |  2.0
Long Blades    | |  2.4
Dodging        | |  2.0
Charms         | |  3.2
Air Magic      | |  0.2

Action                   |  1- 3 |  4- 6 || total
-------------------------+-------+-------++-------
Melee: Short sword       |   118 |   132 ||   250
       Long sword        |     4 |       ||     4
Throw: Tomahawk          |       |     8 ||     8
 Cast: Swiftness         |     2 |       ||     2
       Spectral Weapon   |     1 |     2 ||     3
       Song of Slaying   |       |     1 ||     1
       Ozocubu's Armour  |       |     2 ||     2
  Use: Scroll            |       |     2 ||     2
Armor: Leather armour    |    42 |    50 ||    92
Dodge: Dodged            |    74 |    74 ||   148
Block: Other             |       |     3 ||     3
